Map: Lost and Found LE

Players

Blast

  • Race: Zerg Zerg
  • Spawn Location: 7:00

Raze - Winner!

  • Race: Protoss Protoss
  • Spawn Location: 1:00

Event: WCS Austin 2018

VOD

Have the link to the VOD?

Description

Time

  • Played on: June 1, 2018, 2:56 p.m.
  • Length: 7:51

All games in this series

Show
View Real Time Build Order
Export as new Build Order

Blast Zerg 

Build Orders: Hatch First 

Get SALT Encoding   

  12  0:01  Drone  
  13  0:14  Overlord  
  13  0:17  Drone  
  14  0:33  Drone x2  
  16  0:37  Drone  
  17  0:54  Hatchery, Drone  
  17  1:00  Drone, Extractor  
  17  1:15  Spawning Pool  
  17  1:17  Drone  
  17  1:20  Drone  
  18  1:37  Drone  
  19  1:42  Overlord  
  19  2:03  Hatchery  
  19  2:07  Metabolic Boost  
  18  2:12  Queen  
  20  2:15  Zergling x2  
  21  2:23  Zergling x4  
  23  2:30  Overlord  
  23  2:42  Queen  
  25  2:46  Zergling x4  
  25  2:47  Zergling x4  
  29  2:56  Zergling x4  
  31  3:10  Zergling x4  
  31  3:11  Zergling x4  
  31  3:26  Queen, Zergling x4  
  31  3:39  Zergling x2  
  32  3:44  Zergling x10  
  32  3:45  Zergling x2  
  37  3:49  Zergling x2  
  37  3:55  Zergling x2  
  36  3:58  Zergling x2  
  36  4:02  Zergling x2  
  33  4:11  Drone  
  31  4:17  Zergling x4  
  31  4:25  Zergling x8  
  31  4:33  Drone x2  
  31  4:39  Drone  
  31  4:41  Drone  
  33  4:53  Drone x2  
  34  5:02  Drone x3  
  34  5:14  Drone x3  
  34  5:15  Drone  
  34  5:17  Drone  
  34  5:19  Drone  
  35  5:30  Drone x2  
  37  5:37  Drone  
  38  5:45  Overlord x2  
  38  6:00  Hatchery  
  37  6:04  Drone  
  37  6:05  Drone x5  
  37  6:10  Drone x4  
  47  6:14  Drone x2  
  47  6:17  Overlord  
  49  6:25  Extractor  
  47  6:26  Extractor  
  47  6:29  Lair  
  46  6:43  Drone x2  
  46  6:44  Drone x4  
  52  6:57  Roach Warren  
  51  7:02  Evolution Chamber  
  51  7:03  Evolution Chamber  
  49  7:10  Drone x3  
  50  7:18  Drone x5  
  50  7:19  Overlord x2  
  50  7:20  Overlord x2  
  57  7:24  Spore Crawler  
  56  7:33  Hydralisk Den  
Show
View Real Time Build Order
Export as new Build Order

Raze Protoss - Winner!

Build Orders: 1 Gate Expand, Oracle Opening 

Get SALT Encoding   

  12  0:00  Probe  
  13  0:13  Probe  
  14  0:18  Pylon  
  14  0:25  Probe  
  15  0:33  Probe  
  15  0:38  Gateway  
  15  0:41  Probe  
  16  0:47  Assimilator  
  17  0:51  Probe  
  18  1:03  Probe  
  19  1:18  Probe  
  20  1:25  Nexus  
  20  1:36  Cybernetics Core  
  20  1:38  Probe  
  21  1:44  Assimilator  
  21  1:50  Probe  
  21  1:53  Pylon  
  22  2:02  Probe  
  22  2:04  Adept  
  23  2:10  Probe  
  26  2:18  Stargate, Probe  
  27  2:28  Probe  
  27  2:33  Adept, Probe  
  30  2:40  Probe  
  30  2:41  Probe  
  33  2:51  Probe  
  33  2:52  Probe  
  35  3:00  Adept  
  37  3:10  Shield Battery  
  37  3:13  Probe x2  
  37  3:18  Gateway  
  39  3:22  Oracle  
  39  3:25  Probe  
  41  3:27  Adept  
  41  3:28  Probe  
  42  3:42  Shield Battery  
  42  3:45  Shield Battery  
  42  3:51  Shield Battery  
  42  3:54  Adept  
  42  3:55  Probe  
  44  4:04  Cybernetics Core  
  44  4:07  Zealot  
  46  4:15  Pylon  
  46  4:23  Void Ray  
  46  4:29  Pylon  
  46  4:33  Probe x2  
  46  4:35  Pylon  
  52  4:40  Warp Gate  
  54  4:48  Probe  
  54  4:49  Probe  
  58  5:01  Probe x2  
  58  5:06  Assimilator  
  56  5:10  Assimilator  
  56  5:13  Probe x2  
  58  5:25  Probe x2  
  60  5:35  Twilight Council  
  60  5:37  Probe x2  
  60  5:38  Gateway  
  60  5:39  Gateway  
  62  5:48  Sentry x2  
  62  5:49  Probe x2  
  68  5:55  Pylon  
  68  5:58  Robotics Facility  
  68  6:01  Probe  
  69  6:04  Gateway  
  69  6:05  Gateway  
  69  6:08  Charge, Probe  
  70  6:13  Probe  
  71  6:22  Templar Archives  
  69  6:28  Pylon  
  69  6:30  Nexus  
  69  6:39  Probe x2  
  71  6:43  Warp Prism  
  71  6:50  Pylon  
  73  6:54  Probe, Forge  
  73  6:55  Probe  
  73  6:57  Zealot x4  
  83  7:02  Zealot  
  83  7:06  Probe, Pylon  
  83  7:08  Probe  
  87  7:12  Shield Battery  
  87  7:18  Probe  
  87  7:20  Observer  
  89  7:29  Probe, Pylon  
  90  7:31  Pylon, Probe  
Tags
 
Add a new tag
Caveats
  • Supply blocks, unpowered buildings, or Contaminate may cause inaccurate times.
  • Supply counts are checked every 10 seconds.